 Dungeon Crawl Stone Soup version 0.30.1-4-g462c640d31 (webtiles) character file.

Game seed: 6138759740383014070

7 Bobit the Grasshopper (level 2, -13/23 HPs)
             Began as a Gnoll Wanderer on Aug 11, 2023.
             Mangled by a kobold
             ... wielding a +0 dagger of electrocution
              (19 damage)
             ... on level 1 of the Dungeon.
             The game lasted 00:02:05 (285 turns).

Bobit the Grasshopper (Gnoll Wanderer)               Turns: 285, Time: 00:02:06

Health: -13/23     AC:  2    Str: 12    XL:     2   Next: 0%
Magic:  7/7        EV: 12    Int: 12    God:
Gold:   0          SH:  0    Dex:  9    Spells: 10/10 levels left

rFire   . . .        a - +0 dagger
rCold   . . .        (no shield)
rNeg    . . .        d - +0 robe
rPois   .            (no helmet)
rElec   .            (no cloak)
rCorr   .            (no gloves)
SInv    .            (no boots)
Will    .....        (no amulet)
Stlth   +            (no ring)
HPRegen 0.23/turn    (no ring)
MPRegen 0.10/turn

%: no passive effects
@: no status effects
A: fangs 1, strong nose, distributed training
a: no special abilities


You were on level 1 of the Dungeon.
You visited 1 branch of the dungeon, and saw 2 of its levels.

Inventory:

Hand Weapons
 a - a +0 dagger (weapon)
Missiles
 b - 16 boomerangs (quivered)
Armour
 d - a +0 robe (worn)
Potions
 c - a potion of berserk rage


   Skills:
 + Level 2.4 Fighting
 + Level 0.2 Short Blades
 + Level 0.2 Long Blades
 + Level 0.2 Axes
 + Level 0.2 Maces & Flails
 + Level 0.2 Polearms
 + Level 0.2 Staves
 + Level 0.2 Ranged Weapons
 + Level 2.4 Throwing
 + Level 0.2 Armour
 + Level 4.4 Dodging
 + Level 0.2 Stealth
 + Level 0.2 Shields
 + Level 0.2 Unarmed Combat
 + Level 4.9 Spellcasting
 + Level 0.1 Conjurations
 + Level 0.1 Hexes
 + Level 0.1 Summonings
 + Level 0.1 Necromancy
 + Level 5.3 Translocations
 + Level 2.0 Transmutations
 + Level 0.1 Fire Magic
 + Level 0.1 Ice Magic
 + Level 0.1 Air Magic
 + Level 0.1 Earth Magic
 + Level 0.1 Poison Magic
 + Level 0.3 Invocations
 + Level 0.2 Evocations


You had 10 spell levels left.
You didn't know any spells.
Your spell library contained the following spells:

 Spells                   Type           Power      Damage    Failure   Level
 Apportation              Tloc           30%        N/A       2%          1
 Beastly Appendage        Tmut           14%        N/A       9%          1
 Momentum Strike          Conj/Tloc      18%        3d8       10%         2
 Poisonous Vapours        Pois/Air       6%         N/A       28%         2
 Spider Form              Tmut/Pois      5%         N/A       36%         3
 Mephitic Cloud           Conj/Pois/Air  3%         N/A       50%         3
 Iskenderun's Mystic Bla  Conj/Tloc      9%         2d4       54%         4
 Freezing Cloud           Conj/Ice/Air   1%         6-21      99%         5


Dungeon Overview and Level Annotations

Branches:
Dungeon (2/15)

Altars:
The Shining One


Innate Abilities, Weirdness & Mutations

You have very sharp teeth.
Your uncanny sense of smell can sniff out nearby items.
Your experience applies equally to all skills.


Message History

Found 12 gold pieces.
An endoplasm comes into view.
The endoplasm quivers.
The hobgoblin attacks as you move away! The hobgoblin hits you.
* * * LOW HITPOINT WARNING * * *
Found a spear.
The goblin hits you with a +0 dagger.
* * * LOW HITPOINT WARNING * * *
You see here a green potion.
The goblin attacks as you move away! The goblin closely misses you.
The goblin attacks as you move away! The goblin barely misses you.
The endoplasm closely misses you. The goblin attacks as you move away!
The goblin barely misses you. The endoplasm attacks as you move away!
The endoplasm closely misses you. The hobgoblin closely misses you.
The endoplasm hits you.
* * * LOW HITPOINT WARNING * * *
You open the door.
The quokka bites you but does no damage.
The hobgoblin hits you but does no damage.
The endoplasm attacks as you move away! The endoplasm barely misses you.
The quokka misses you.
There is an open door here.
The quokka attacks as you move away! The quokka barely misses you.
The quokka twitches its whiskers.
The quokka barely misses you. The quokka attacks as you move away!
The quokka closely misses you. The quokka attacks as you move away!
The quokka misses you. The quokka completely misses you.
The quokka attacks as you move away! The quokka barely misses you.
The quokka attacks as you move away!
The quokka bites you but does no damage.
There is a stone staircase leading up here.
The quokka bites you.
* * * LOW HITPOINT WARNING * * *
You climb upwards.
There is a stone staircase leading down here.
The quokka closely misses you. The kobold hits you but does no damage.
You are electrocuted!!
Ouch! That really hurt!
You die...

#######.######
.............##
###.............[#
#................# .
#...######.####### .. #...#
#K# .# ∆ ... #...# #.### #
#### #...# #g#r# #...#
#.K@# #..)# ###.######
#...########......#
#........†...####.#
####.##.....## #.##
##.......# #..## #
#(......# ##..##### ..P
#.......#######.....##
.######..†................#


You could see a quokka, a goblin and a kobold.

Vanquished Creatures
  A bat (D:1)
  A goblin (D:1)
  A hobgoblin (D:1)
  A frilled lizard (D:1)
  2 kobolds (D:1)
6 creatures vanquished.

Notes
Turn   | Place    | Note
-------+----------+-------------------------------------------
     0 | D:1      | Bobit the Gnoll Wanderer began the quest for the Orb.
     0 | D:1      | Bobit set off with the following items: a +0 dagger, 10
                  | boomerangs, a potion of berserk rage, a +0 robe; and the
                  | following spells available to memorise: Apportation,
                  | Beastly Appendage, Momentum Strike, Spider Form,
                  | Iskenderun's Mystic Blast.
     0 | D:1      | Reached XP level 1. HP: 17/17 MP: 6/6
   225 | D:1      | Reached XP level 2. HP: 18/23 MP: 7/7
   262 | D:2      | Found a glowing golden altar of the Shining One.
   285 | D:1      | Mangled by a kobold

Illustrated notes

Levels and vault maps discovered:
D:1:      dpeg_arrival_subterranean_lakeside_camping, layout_basic,
          shapermc_ecumenical_altar_rom_forum, serial_aquarium,
          aquarium_bridge_square [aquarium_subvault_window,
          aquarium_subvault_wall, aquarium_subvault_bridge,
          aquarium_subvault_wall], aquarium_window_fake,
          aquarium_window_corridor_3, aquarium_view_2f,
          aquarium_balcony_double_3, aquarium_pool_2
D:2:      layout_basic, basic_altar

Skill      XL: |  1 |
---------------+----+-----
Transmutations | 2 |  2.0
Fighting       | |  2.4
Short Blades   | |  0.2
Long Blades    | |  0.2
Axes           | |  0.2
Maces & Flails | |  0.2
Polearms       | |  0.2
Staves         | |  0.2
Ranged Weapons | |  0.2
Throwing       | |  2.4
Armour         | |  0.2
Dodging        | |  4.4
Stealth        | |  0.2
Shields        | |  0.2
Unarmed Combat | |  0.2
Spellcasting   | |  4.9
Conjurations   | |  0.1
Hexes          | |  0.1
Summonings     | |  0.1
Necromancy     | |  0.1
Translocations | |  5.3
Fire Magic     | |  0.1
Ice Magic      | |  0.1
Air Magic      | |  0.1
Earth Magic    | |  0.1
Poison Magic   | |  0.1
Invocations    | |  0.3
Evocations     | |  0.2

Action                     || total
---------------------------++-------
  Melee: Dagger            ||    45
         Bite              ||     3
         Punch             ||     1
 Armour: Robe              ||    19
  Dodge: Dodged            ||    51
